 Dungeon Crawl Stone Soup version 0.18.1-48-g4cf74bf (webtiles) character file.

889 Antonin the Covered (level 8, -12/51 HPs)
             Began as a Gargoyle Fighter on Aug 30, 2016.
             Mangled by an ogre
             ... wielding a +0 giant spiked club
              (23 damage)
             ... on level 5 of the Dungeon.
             The game lasted 00:08:50 (3379 turns).

Antonin the Covered (Gargoyle Fighter)              Turns: 3379, Time: 00:08:51

Health: -12/51     AC: 17    Str: 20    XL:     8   Next: 6%
Magic:  0/8        EV:  7    Int: 10    God:
Gold:   231        SH: 10    Dex: 10    Spells: 0 memorised, 7 levels left

rFire  . . .     SeeInvis .     h - +2 mace (protect)
rCold  . . .     Gourm    .     b - +0 scale mail
rNeg   + . .     Faith    .     c - +0 shield
rPois  ∞         Spirit   +     (no helmet)
rElec  +         Dismiss  .     (no cloak)
rCorr  .         Reflect  .     (no gloves)
SustAt +         Harm     .     (no boots)
MR     .....                    m - amulet of guardian spirit
Stlth  ..........               z - ring of wizardry
                                e - ring of sustain attributes

@: not resistant to hostile enchantments, extremely unstealthy
A: negative energy resistance 1, electricity resistance, unbreathing,
petrification resistance, rot immunity, AC +5
a: no special abilities


You were on level 5 of the Dungeon.
You were very hungry.

You visited 1 branch of the dungeon, and saw 5 of its levels.

You collected 231 gold pieces.

Inventory:

Hand Weapons
 h - a +2 mace of protection (weapon)
Armour
 b - a +0 scale mail (worn)
 c - a +0 shield (worn)
Jewellery
 e - a ring of sustain attributes (left hand)
 m - an amulet of guardian spirit (around neck)
 z - a ring of wizardry (right hand)
Scrolls
 a - 5 scrolls of identify {unknown}
 i - 2 scrolls of fear {unknown}
 j - a scroll of enchant armour {unknown}
 k - a scroll of fog {unknown}
 l - 2 scrolls of recharging {unknown}
 p - 2 scrolls of blinking {unknown}
 q - a scroll of magic mapping {unknown}
 v - 3 scrolls of teleportation {unknown}
 y - 2 scrolls of remove curse {unknown}
Potions
 d - 2 potions of might
 g - a potion of brilliance {unknown}
 n - 2 potions of cure mutation {unknown}
 s - a potion of cancellation {unknown}
 t - a potion of mutation {unknown}
 u - 2 potions of curing {unknown}
Comestibles
 f - 4 bread rations
 o - 3 meat rations
 r - 2 fruits
 w - 3 beef jerkies


   Skills:
 + Level 5.8 Fighting
 + Level 4.8 Maces & Flails
 + Level 5.9 Armour
 + Level 5.7 Shields


You had 7 spell levels left.
You didn't know any spells.

Dungeon Overview and Level Annotations

Branches:
Dungeon (5/15)
 Temple: D:4-7

Altars:
Pakellas


Innate Abilities, Weirdness & Mutations

You are resistant to torment.
Your stone body is resilient (AC +5).
You are immune to poison.
You resist negative energy.
You are resistant to electric shocks.
You can survive without breathing.
You are immune to petrification.
You are immune to rotting.


Message History

You destroy the killer bee zombie!
The adder bites you but does no damage. x2
You sock the ogre!
The ogre is heavily wounded.
You block the ogre's attack. The adder barely misses you.
You hit the ogre.
The ogre is severely wounded.
You block the adder's attack.
The ogre hits you with a giant spiked club!!
The adder barely misses you.
You completely miss the ogre.
The ogre is severely wounded.
The adder bites you but does no damage.
The ogre hits you with a giant spiked club!!
* * * LOW HITPOINT WARNING * * *
You barely miss the ogre.
The ogre is severely wounded.
The adder closely misses you. You block the adder's attack.
The ogre hits you with a giant spiked club!!
You die...

.....................
#........####..##....
..................... .
.................>... ..
...........#.#####... .#.
.............#### .##....
......###.#.....# ....##
#......##.##.##.##.....#
#.........##....@O.#
#..####..........S.......
...........##)...........
#................###.#..#
#.).)......#....... .# ..
#.............##... . .
..........#........ .
.<................. ..
..........#....


You could see an ogre and an adder.

Vanquished Creatures
  The ghost of SexyTroll44 the Tainter, a novice NaVM of Cheibriados (D:5)
  The ghost of schammes the Conjurer, an amateur HuCj (D:3)
  A phantom (D:4)
  An ogre (D:5)
  A howler monkey (D:4)
  An orc priest (D:4)
  An orc wizard (D:4)
  A killer bee zombie (D:5)
  3 adders
  An adder skeleton (D:4)
  A dart slug (D:2)
  4 giant geckos
  9 orcs
  8 giant cockroaches
  5 goblins
  6 hobgoblins
  4 jackals (D:4)
  3 quokkas
  10 bats
  A giant gecko skeleton (D:4)
  5 giant newts
  6 kobolds
  6 rats
80 creatures vanquished.

Vanquished Creatures (others)
  A giant newt (D:5)
1 creature vanquished.

Grand Total: 81 creatures vanquished

Notes
Turn   | Place    | Note
--------------------------------------------------------------
     0 | D:1      | Antonin the Gargoyle Fighter began the quest for the Orb.
     0 | D:1      | Reached XP level 1. HP: 14/14 MP: 1/1
   171 | D:1      | Reached XP level 2. HP: 19/19 MP: 2/2
   766 | D:2      | Reached XP level 3. HP: 24/24 MP: 3/3
   964 | D:2      | Found a faded altar to an unknown god.
  1274 | D:3      | Reached XP level 4. HP: 18/29 MP: 2/4
  1630 | D:3      | Noticed schammes's ghost (amateur HuCj)
  1650 | D:3      | HP: 1/29 [schammes's ghost/magic dart (6)]
  1659 | D:3      | HP: 1/29 [schammes's ghost/magic dart (1)]
  1980 | D:3      | Killed schammes's ghost
  1980 | D:3      | Reached XP level 5. HP: 18/34 MP: 3/5
  1980 | D:3      | Reached XP level 6. HP: 21/39 MP: 3/6
  2302 | D:4      | Found an oddly glowing altar of Pakellas.
  2356 | D:4      | Noticed a phantom
  2375 | D:4      | Killed a phantom
  2652 | D:4      | Reached skill level 5 in Fighting
  2704 | D:4      | Reached skill level 5 in Armour
  2711 | D:4      | Reached XP level 7. HP: 41/44 MP: 7/7
  2794 | D:4      | Reached skill level 5 in Shields
  2979 | D:5      | Entered Level 5 of the Dungeon
  3107 | D:5      | Noticed SexyTroll44's ghost (novice NaVM)
  3282 | D:5      | Killed SexyTroll44's ghost
  3282 | D:5      | Reached XP level 8. HP: 43/51 MP: 6/8
  3379 | D:5      | Mangled by an ogre

Skill      XL: |  1  2  3  4  5  6  7 |
---------------+----------------------+-----
Fighting       | 4 5 |  5.8
Armour         | 4 5 |  5.9
Maces & Flails | 3 4 |  4.8
Shields        | 4 5 |  5.7

Action                   |  1- 3 |  4- 6 |  7- 9 || total
-------------------------+-------+-------+-------++-------
Melee: Flail             |    11 |       |       ||    11
       Mace              |   103 |   129 |    68 ||   300
  Use: Potion            |       |     1 |       ||     1
  Eat: Chunk             |     1 |     5 |     1 ||     7
Armor: Scale mail        |    87 |    95 |    47 ||   229
Dodge: Dodged            |    56 |    52 |    33 ||   141
Block: Shield            |    65 |    95 |    41 ||   201
